 Dungeon Crawl Stone Soup version 0.16-b1 (webtiles) character file.

39 RobertPalmer the Stinger (level 3, 16/16 HPs)
             Began as a Vine Stalker Venom Mage on Mar 14, 2015.
             Quit the game on level 2 of the Dungeon.
             The game lasted 00:03:06 (1423 turns).

RobertPalmer the Stinger (Vine Stalker Venom Mage)  Turns: 1423, Time: 00:03:07

Health: 16/16      AC:  2    Str: 10    XL:     3   Next: 45%
Magic:  7/7        EV: 12    Int: 15    God:
Gold:   31         SH:  0    Dex: 15    Spells: 2 memorised, 2 levels left

rFire  . . .     SeeInvis .     f - +0 dagger
rCold  . . .     Clarity  .     a - +0 robe
rNeg   . . .     SustAb   .     (no shield)
rPois  .         Gourm    .     (no helmet)
rElec  .         Spirit   +     (no cloak)
rCorr  .         Warding  .     (no gloves)
rMut   .         Stasis   .     (no boots)
MR     .....                    (no amulet)
Stlth  ++........               (no ring)
                                (no ring)

@: not resistant to hostile enchantments, unstealthy
A: fangs 2, regeneration 1, magic shield, antimagic bite, no device heal 3, rot
immunity
a: no special abilities


You were on level 2 of the Dungeon.
You were not hungry.

You visited 1 branch of the dungeon, and saw 2 of its levels.

You collected 31 gold pieces.

Inventory:

Hand weapons
 f - a +0 dagger (weapon)
   (You took it off a kobold on level 1 of the Dungeon)
Missiles
 t - 10 poisoned needles
Armour
 a - a +0 robe (worn)
 s - a +0 pair of gloves
   (You found it on level 2 of the Dungeon)
Jewellery
 l - a +6 ring of strength {unknown}
   (You found it on level 1 of the Dungeon)
 q - a +4 ring of dexterity {unknown}
   (You found it on level 2 of the Dungeon)
Scrolls
 d - 2 scrolls of enchant weapon {unknown}
 e - a scroll of noise {unknown}
 i - a scroll of fog {unknown}
 m - a scroll of teleportation {unknown}
 n - a scroll of fear {unknown}
 o - a scroll of blinking {unknown}
 r - a scroll of remove curse {unknown}
Potions
 g - a potion of heal wounds {unknown}
 j - a potion of agility {unknown}
 k - a potion of curing {unknown}
 u - a potion of resistance {unknown}
Books
 b - a Young Poisoner's Handbook
Comestibles
 c - 2 bread rations
 h - a beef jerky
 p - 2 chunks of flesh


   Skills:
 - Level 1.5 Dodging
 - Level 2.5 Stealth
 - Level 2.1 Spellcasting
 + Level 2.9 Conjurations
 - Level 4.0 Poison Magic


You had 2 spell levels left.
You knew the following spells:

 Your Spells              Type           Power        Failure   Level  Hunger
a - Sting                 Conj/Pois      ##..         6%          1    #......
x - Mephitic Cloud        Conj/Pois/Air  #.......     30%         3    ###....


Dungeon Overview and Level Annotations

Branches:
Dungeon (2/15)

Altars:

Annotations:
D:2 Terence


Innate Abilities, Weirdness & Mutations

You have extremely sharp teeth.
Your natural rate of healing is unusually fast.
When hurt, damage is shared between your health and your magic reserves.
Your bite disrupts and absorbs the magic of your enemies.
Potions and wands cannot restore your health.
You are immune to rotting.


Message History

You kill the giant gecko!
No target in view!
You see here a giant gecko corpse.
Magic restored.
A hobgoblin comes into view. It is wielding a club.
A hobgoblin is nearby!
A hobgoblin is nearby!
A hobgoblin is nearby!
The hobgoblin shouts!
A kobold comes into view.
The hobgoblin hits you with a club.
You hit the hobgoblin.
The hobgoblin is heavily wounded.
The hobgoblin closely misses you.
Casting: Sting
Confirm with . or Enter, or press ? or * to list all spells.
Aiming: Sting
Press: ? - help, Shift-Dir - straight line, f - kobold
Aim: a kobold You miscast Sting.
You are very lightly contaminated with residual magic.
You feel odd. The kobold barely misses you.
Casting: Sting
Confirm with . or Enter, or press ? or * to list all spells.
Aiming: Sting
Press: ? - help, Shift-Dir - straight line, f/p - kobold
Aim: a kobold The sting hits the kobold.
The kobold is poisoned.
You kill the kobold!
Casting: Sting
Confirm with . or Enter, or press ? or * to list all spells.
Aiming: Sting
Press: ? - help, Shift-Dir - straight line, f - hobgoblin
Aim: a hobgoblin, wielding a club (moderately wounded)
You miscast Sting.
Nothing appears to happen.
The hobgoblin misses you.
Casting: Sting
Confirm with . or Enter, or press ? or * to list all spells.
Aiming: Sting
Press: ? - help, Shift-Dir - straight line, f/p - hobgoblin
Aim: a hobgoblin, wielding a club (lightly wounded)
The sting misses the hobgoblin.
The hobgoblin completely misses you.
Casting: Sting
Confirm with . or Enter, or press ? or * to list all spells.
Aiming: Sting
Press: ? - help, Shift-Dir - straight line, f/p - hobgoblin
Aim: a hobgoblin, wielding a club (lightly wounded)
The sting hits the hobgoblin.
The hobgoblin is lightly wounded.
The hobgoblin hits you with a club.
Casting: Sting
Confirm with . or Enter, or press ? or * to list all spells.
Aiming: Sting
Press: ? - help, Shift-Dir - straight line, f/p - hobgoblin
Aim: a hobgoblin, wielding a club (lightly wounded)
The sting hits the hobgoblin.
The hobgoblin is poisoned.
The hobgoblin is severely wounded.
You kill the hobgoblin!
Things that are here:
a club; a hobgoblin corpse; a kobold corpse HP restored.
A quokka comes into view.
The quokka moves out of view.
Found a stone staircase leading down.
A quokka is nearby!
A quokka is nearby!
A quokka is nearby!
You hit the quokka but do no damage. The quokka closely misses you.
The quokka barely misses you.
You hit the quokka. Your bite misses the quokka.
The quokka is heavily wounded.
The quokka closely misses you.
You closely miss the quokka. You bite the quokka. You drain its power.
You feel invigorated.
The quokka is severely wounded.
The quokka closely misses you.
All of the chunks of flesh in your inventory have rotted away.
You closely miss the quokka. You bite the quokka. You drain its power.
You feel invigorated.
You kill the quokka!
No target in view!
You see here a quokka corpse.
You butcher the quokka corpse.
p - 2 chunks of flesh You see here 10 poisoned needles.
t - 10 poisoned needles Your magical contamination has completely faded away.
u - a ruby potion Magic restored.
A rat comes into view.
A rat is nearby!
A rat is nearby!
A rat is nearby!
You barely miss the rat. You bite the rat, but do no damage.
The rat bites you but does no damage.
You closely miss the rat. The rat barely misses you.
You completely miss the rat. The rat barely misses you.
You hit the rat.
You kill the rat!
You see here a rat corpse.
Are you sure you want to abandon this character and quit the game? (Confirm with "yes".)

..
####.######.#
#.
#............
#.##.#....#..
#....#.##.#
#.##.#.##.#
#.##.#.##.#
#......##.#
####.####.#
#...†.@#
########


There were no monsters in sight!

Vanquished Creatures
  A giant mite (D:2)
  2 giant geckos (D:2)
  5 bats
  A giant cockroach (D:2)
  3 hobgoblins
  A quokka (D:2)
  A ball python (D:1)
  A giant newt (D:1)
  4 goblins
  8 kobolds
  3 rats
30 creatures vanquished.

Notes
Turn   | Place    | Note
--------------------------------------------------------------
     0 | D:1      | RobertPalmer, the Vine Stalker Venom Mage, began the quest for the Orb.
     0 | D:1      | Reached XP level 1. HP: 9/9 MP: 3/3
   122 | D:1      | Reached skill level 1 in Conjurations
   165 | D:1      | Reached XP level 2. HP: 13/13 MP: 5/5
   544 | D:1      | Reached skill level 2 in Conjurations
  1083 | D:2      | Reached XP level 3. HP: 16/16 MP: 4/7
  1138 | D:2      | Noticed Terence
  1325 | D:1      | Learned a level 3 spell: Mephitic Cloud
  1423 | D:2      | Quit the game

Action                   || total
-------------------------++-------
Melee: Unarmed           ||    30
       Dagger            ||    90
 Cast: Sting             ||    22
 Stab: Sleeping          ||     1
  Eat: Chunk             ||     2

Vault maps used:
D:1:      matt_arrival_diagonals, minmay_misc_feat_room, roderic_roman_lattice,
          serial_bayou_pond_b
D:2:      min_item_tele_traps, moated_statue, uniq_terence

Table legend:
 A = Turns spent in this place as a percentage of turns spent in the entire game.
 B = Non-inter-level travel turns spent in this place as a percentage of non-inter-level travel turns spent in the entire game.
 C = Inter-level travel turns spent in this place as a percentage of turns spent in this place.
 D = Turns resting spent in this place as a percentage of non-inter-level travel turns spent in this place.
 E = Turns spent auto-exploring this place as a percentage of non-inter-level travel turns spent in this place.
 F = Non-inter-level travel turns spent in this place divided by the number of levels of this place that you've seen.
                   A       B       C       D       E      F
               +-------+-------+-------+-------+-------+----------------------
         Total | 100.0 | 100.0 |   0.4 |   2.5 |   9.2 | 223.0
       Dungeon | 100.0 | 100.0 |   0.4 |   2.5 |   9.2 | 223.0
               +-------+-------+-------+-------+-------+----------------------

Table legend:
 A = Kills in this place as a percentage of kills in entire the game.
 B = Kills by you in this place as a percentage of kills by you in the entire game.
 C = Kills by friends in this place as a percentage of kills by friends in the entire game.
 D = Other kills in this place as a percentage of other kills in the entire game.
 E = Experience gained in this place as a percentage of experience gained in the entire game.
 F = Experience gained in this place divided by the number of levels of this place that you have seen.
                   A       B       C       D       E      F
               +-------+-------+-------+-------+-------+----------------------
         Total | 100.0 | 100.0 |  -nan |  -nan | 100.0 |  28.0
       Dungeon | 100.0 | 100.0 |  -nan |  -nan | 100.0 |  28.0
               +-------+-------+-------+-------+-------+----------------------
